 Dungeon Crawl Stone Soup version 0.30-a0-122-g2a1322497e (webtiles) character file.

Game seed: 12179229848217572758

9 IdlyInterested the Slasher (level 2, 0/22 HPs)
             Began as a Demonspawn Wanderer on Sept 16, 2022.
             Slain by a ball python (1 damage)
             ... on level 1 of the Dungeon.
             The game lasted 00:01:15 (180 turns).

IdlyInterested the Slasher (Demonspawn Wanderer)     Turns: 180, Time: 00:01:15

Health: 0/22       AC:  2    Str: 12    XL:     2   Next: 3%
Magic:  5/5        EV:  8    Int: 15    God:
Gold:   11         SH:  0    Dex: 10    Spells: 4/5 levels left

rFire   . . .      SeeInvis .    a - +2 falchion
rCold   . . .      Faith    .    (no shield)
rNeg    . . .      Spirit   .    e - +0 robe
rPois   .          Reflect  .    (no helmet)
rElec   .          Harm     .    (no cloak)
rCorr   .          Rampage  .    (no gloves)
Will    .....                    (no boots)
Stlth   +.........               (no amulet)
HPRegen 0.07/turn                (no ring)
MPRegen 0.09/turn                (no ring)

@: constricted
A: powered by death 1
a: no special abilities


You were on level 1 of the Dungeon.
You visited 1 branch of the dungeon, and saw 1 of its levels.

You collected 11 gold pieces.

Inventory:

Hand Weapons
 a - a +2 falchion (weapon)
 c - a +0 dagger
 g - a +0 spear
 k - a +0 hand axe
Missiles
 b - 8 boomerangs (quivered)
 f - 5 poisoned darts
Armour
 e - a +0 robe (worn)
 j - a +0 leather armour
Scrolls
 d - a scroll of vulnerability
Potions
 h - 2 potions of degeneration {unknown}
 i - a potion of attraction {unknown}


   Skills:
 + Level 2.0 Fighting
 - Level 2.6 Long Blades
 - Level 1.0 Throwing
 + Level 0.0 Armour
 - Level 2.0 Spellcasting
 - Level 1.7 Fire Magic
 - Level 1.2 Invocations


You had 4 spell levels left.
You knew the following spells:

 Your Spells              Type           Power      Damage    Failure   Level
a - Foxfire               Conj/Fire      16%        2x1d4     16%         1

Your spell library contained the following spells:

 Spells                   Type           Power      Damage    Failure   Level
 Ignite Poison            Fire/Tmut/Pois 3%         N/A       45%         3


Dungeon Overview and Level Annotations

Branches:
Dungeon (1/15)

Altars:


Innate Abilities, Weirdness & Mutations

You regenerate a little health from kills.


Message History

The rat bites you.
* * * LOW HITPOINT WARNING * * *
The ball python closely misses you. The ball python grabs you.
The ball python constricts you.
The rat twitches its whiskers.
The rat bites you.
* * * LOW HITPOINT WARNING * * *
Training target 2.0 for Spellcasting reached!
Your Spellcasting skill increases to level 2!
You need to enable at least one skill for training.
You have reached level 2!
Your demonic ancestry asserts itself...
A wave of death washes over you.
You slash the rat!
You kill the rat!
The ball python bites you but does no damage.
The ball python constricts you.
* * * LOW HITPOINT WARNING * * *
You hit the ball python.
The ball python is moderately wounded.
The ball python bites you.
* * * LOW HITPOINT WARNING * * *
The ball python constricts you. The ball python closely misses you.
The ball python constricts you.
You barely miss the ball python.
The ball python is moderately wounded.
The ball python bites you.
* * * LOW HITPOINT WARNING * * *
The ball python constricts you.
* * * LOW HITPOINT WARNING * * *
You closely miss the ball python.
The ball python is moderately wounded.
The ball python bites you but does no damage.
The ball python constricts you.
Unknown command.
You hit the ball python.
The ball python is moderately wounded.
The ball python barely misses you. The ball python constricts you.
The ball python bites you.
You die...

##........ ... ##.......
#.. ##...... #.#
..#####...... .r.
..........### #r#
#.#####..## #g#
#.######.# #S#
#........#
#@####.#####..#
...###......######.#
...r..............#.####
....########.##.#.......
#. #.##.........
#.######.#### ..# ###
###


You could see a hobgoblin, a ball python and 2 rats.

Vanquished Creatures
  2 goblins (D:1)
  A hobgoblin (D:1)
  4 bats (D:1)
  A rat (D:1)
8 creatures vanquished.

Notes
Turn   | Place    | Note
-------+----------+-------------------------------------------
     0 | D:1      | IdlyInterested the Demonspawn Wanderer began the quest for
                  | the Orb.
     0 | D:1      | IdlyInterested set off with the following items: a +2
                  | falchion, 8 boomerangs, a +0 dagger, a scroll of
                  | vulnerability, a +0 robe; and the following spell
                  | memorised: Foxfire; and the following spells available to
                  | memorise: Ignite Poison.
     0 | D:1      | Reached XP level 1. HP: 16/16 MP: 2/2
   176 | D:1      | Gained mutation: You regenerate a little health from kills.
                  | [demonic ancestry]
   176 | D:1      | Reached XP level 2. HP: 4/22 MP: 5/5
   178 | D:1      | HP: 1/22 [constriction (1)]
   180 | D:1      | Slain by a ball python

Illustrated notes

Levels and vault maps discovered:
D:1:      saegor_arrival_simple_e, layout_rooms,
          hellmonk_ecumenical_altar_prayer_group

Skill      XL: |  1 |
---------------+----+-----
Spellcasting   | 2 |  2.0
Fighting       | |  2.0
Long Blades    | |  2.6
Throwing       | |  1.0
Fire Magic     | |  1.7
Invocations    | |  1.2

Action                   || total
-------------------------++-------
Melee: Falchion          ||    31
       Punch             ||     1
Armor: Robe              ||    18
Dodge: Dodged            ||    32

Table legend: (Time is in decaauts)
 A = Elapsed time spent in this place.
 B = Non-inter-level travel time spent in this place.
 C = Inter-level travel time spent in this place.
 D = Time resting spent in this place.
 E = Time spent auto-exploring this place.
 F = Levels seen in this place.
 G = Mean time per level.
                   A        B        C        D        E       F      G
               +--------+--------+--------+--------+--------+-----+--------+
         Total |    184 |    184 |      0 |      0 |    103 |   1 |  184.0 |
       Dungeon |    184 |    184 |      0 |      0 |    103 |   1 |  184.0 |
               +--------+--------+--------+--------+--------+-----+--------+

Top non-repeatable levels by time:
     D:1: 184 daAuts
